 Dungeon Crawl Stone Soup version 0.30-a0-782-ge64f9170bb (webtiles) character file.

Game seed: 14790024149994341386

189 bande the Trooper (level 5, -3/33 HPs)
             Began as a Gargoyle Fighter on Feb 19, 2023.
             Slain by a gnoll
             ... wielding a +4 spear
              (5 damage)
             ... on level 3 of the Dungeon.
             The game lasted 00:03:13 (2008 turns).

bande the Trooper (Gargoyle Fighter)                Turns: 2008, Time: 00:03:13

Health: -3/33      AC: 13    Str: 20    XL:     5   Next: 68%
Magic:  5/5        EV:  9    Int:  8    God:
Gold:   54         SH:  4    Dex: 11    Spells: 4/4 levels left

rFire   . . .      SeeInvis .    a - +1 war axe
rCold   . . .      Faith    .    c - +0 buckler
rNeg    + . .      Spirit   .    b - +0 scale mail
rPois   ∞          Reflect  .    (no helmet)
rElec   +          Harm     .    k - +0 cloak
rCorr   .          Rampage  .    e - +0 pair of gloves
Will    .....                    (no boots) Stlth
                                 (no amulet)
HPRegen 0.25/turn                (no ring)
MPRegen 0.09/turn                (no ring)

@: no status effects
A: sickness immunity, AC +4, negative energy resistance 1, electricity
resistance, torment resistance 1, petrification resistance
a: no special abilities


You were on level 3 of the Dungeon.
You visited 1 branch of the dungeon, and saw 3 of its levels.

You collected 54 gold pieces.

Inventory:

Hand Weapons
 a - a +1 war axe (weapon)
Armour
 b - a +0 scale mail (worn)
 c - a +0 buckler (worn)
 e - a +0 pair of gloves (worn)
 k - a +0 cloak (worn)
Scrolls
 h - a scroll of silence
Potions
 d - 3 potions of might
 f - a potion of mutation
 i - a potion of flight


   Skills:
 + Level 4.2 Fighting
 + Level 3.5 Axes
 + Level 4.1 Armour
 + Level 4.1 Shields


You had 4 spell levels left.
You didn't know any spells.
Your spell library was empty.

Dungeon Overview and Level Annotations

Branches:
Dungeon (3/15)

Altars:
Dithmenos


Innate Abilities, Weirdness & Mutations

You are immune to sickness and miasma.
Your stone body is resilient. (AC +4)
You are immune to poison.
You resist negative energy. (rN+)
You are resistant to electric shocks. (rElec)
You are resistant to unholy torment.
You are immune to petrification.


Message History

You kill the orc!
You slash the gnoll!
You kill the gnoll!
The orc hits you with a +0 hand axe. The gnoll barely misses you.
The orc priest looks braver for a moment.
You are too injured to fight recklessly!
Unknown command.
You hit the orc.
You kill the orc!
The gnoll completely misses you.
You barely miss the orc priest. The orc priest hits you with a +0 club.
The gnoll barely misses you.
The orc priest looks satisfied for a moment.
The gnoll hits you from afar with a +4 spear.
* * * LOW HITPOINT WARNING * * *
Unknown command.
You barely miss the orc priest. You block the orc priest's attack.
You block the gnoll's attack.
You hit the orc priest.
The orc priest is moderately wounded.
The orc priest hits you but does no damage.
You block the gnoll's attack. The orc priest closely misses you.
You block the gnoll's attack.
You barely miss the orc priest.
The orc priest is moderately wounded.
The orc priest hits you but does no damage.
You block the gnoll's attack.
Unknown command.
The orc priest hits you but does no damage.
The gnoll closely misses you.
Items here: )) [[.
You barely miss the gnoll. You slash the orc priest!
You kill the orc priest!
The gnoll closely misses you.
You hit the gnoll.
The gnoll is lightly wounded.
The gnoll hits you with a +4 spear.
* * * LOW HITPOINT WARNING * * *
The gnoll hits you with a +4 spear.
You die...

**,,,* ####. *****####*
##>...#****#....
*,,,,....#####.....+,,.##....
*,,,,..............#**,......
*,,,,..............# **##....
*,,,,....[.........# ##....
*,,,,........?.....# #.....
*,,,,.......))..#*** #(....
*,,,,......g@...########.....
*,,,,....######..............
*****#**** #..#######.....
##.# #..... ****** #.###
#.....
**,,,,****#####...#####)...#
*,,,,,,,....................
*,,,,,**#########..#########
*,***** ##..#**


You could see a gnoll.

Vanquished Creatures
  Crazy Yiuf (D:2)
  An orc priest (D:3)
  2 gnolls (D:3)
  2 adders (D:2)
  2 dart slugs (D:1)
  4 worms (D:2)
  3 orcs (D:3)
  5 ball pythons (D:1)
  4 bats
  An endoplasm (D:1)
  2 giant cockroaches (D:1)
  9 goblins
  8 hobgoblins
  10 jackals
  8 kobolds (D:1)
  3 quokkas (D:1)
  5 frilled lizards
  3 rats
73 creatures vanquished.

Notes
Turn   | Place    | Note
-------+----------+-------------------------------------------
     0 | D:1      | bande the Gargoyle Fighter began the quest for the Orb.
     0 | D:1      | Reached XP level 1. HP: 14/14 MP: 1/1
    83 | D:1      | Reached XP level 2. HP: 19/19 MP: 2/2
   265 | D:1      | Reached XP level 3. HP: 24/24 MP: 3/3
   805 | D:1      | Found a faded altar of an unknown god.
  1063 | D:2      | Reached XP level 4. HP: 29/29 MP: 4/4
  1192 | D:2      | Found a runed translucent door.
  1193 | D:2      | Noticed Crazy Yiuf
  1543 | D:2      | Found a shadowy altar of Dithmenos.
  1805 | D:2      | Killed Crazy Yiuf
  1806 | D:2      | Reached XP level 5. HP: 33/33 MP: 5/5
  2008 | D:3      | Slain by a gnoll

Illustrated notes

Levels and vault maps discovered:
D:1:      psy_arrival_conway, layout_loops_corners,
          dilly_ecumenical_altar_fadedgnrine, hangedman_decor_opposing,
          minmay_tetromino_o2
D:2:      layout_loops_ring, basic_altar, uniq_crazy_yiuf_cottage
D:3:      layout_basic

Skill      XL: |  1  2  3  4 |
---------------+-------------+-----
Axes           | 2 3 |  3.5
Fighting       | 4 |  4.2
Shields        | 4 |  4.1
Armour         | 4 |  4.1

Action                     |  1- 3 |  4- 6 || total
---------------------------+-------+-------++-------
  Melee: War axe           |   104 |    89 ||   193
    Use: Scroll            |     3 |     7 ||    10
 Armour: Scale mail        |    75 |    55 ||   130
  Dodge: Dodged            |    54 |    46 ||   100
  Block: Buckler           |    25 |    35 ||    60

Table legend: (Time is in decaauts)
 A = Elapsed time spent in this place.
 B = Non-inter-level travel time spent in this place.
 C = Inter-level travel time spent in this place.
 D = Time resting spent in this place.
 E = Time spent auto-exploring this place.
 F = Levels seen in this place.
 G = Mean time per level.
                   A        B        C        D        E       F      G
               +--------+--------+--------+--------+--------+-----+--------+
         Total |   2080 |   2000 |     80 |      0 |   1515 |   3 |  693.3 |
       Dungeon |   2080 |   2000 |     80 |      0 |   1515 |   3 |  693.3 |
               +--------+--------+--------+--------+--------+-----+--------+

Top non-repeatable levels by time:
     D:1: 1058 daAuts
     D:2: 910 daAuts
     D:3: 111 daAuts
